 Dungeon Crawl Stone Soup version 0.25-a0-578-gc91f01c39c (webtiles) character file.

Game seed: 6818992436878240926, levelgen mode: deterministic

68796 Esekla the Unseen (level 14, -2/60 HPs)
             Began as a Spriggan Artificer on Mar 4, 2020.
             Was a High Priest of Ashenzari.
             Slain by a dire elephant (29 damage)
             ... on level 6 of the Lair of Beasts on Mar 5, 2020.
             The game lasted 05:15:05 (30587 turns).

Esekla the Unseen (Spriggan Artificer)             Turns: 30587, Time: 05:15:06

Health: -2/60      AC:  7    Str:  8    XL:     14   Next: 88%
Magic:  24/40      EV: 26    Int: 21    God:    Ashenzari [*****.]
Gold:   252        SH:  0    Dex: 20    Spells: 25/38 levels left

rFire    . . .     SeeInvis +   G - +8 short sword of the Forest {vamp, Dex+2} (curse)
rCold    . . .     Gourm    .   (shield restricted)
rNeg     . . .     Faith    +   E - +0 troll leather armour (curse)
rPois    .         Spirit   .   (helmet restricted)
rElec    .         Reflect  .   k - +1 cloak
rCorr    .         Harm     .   (gloves unavailable)
MR       ++...     Clarity  +   (boots unavailable)
Stlth    +++++++++.             i - amulet of Oroimag {Faith *Slow MP+9 Int+3 Stlth+} (curse)
HPRegen  0.60/turn              V - +2 ring of protection
MPRegen  0.27/turn              F - ring of stealth

@: studying Short Blades, very quick
A: very small, unfitting armour, antennae 1, beak, see invisible, clever 1,
deformed body, herbivore, speed 3, slow metabolism 2
a: Curse Item, Scrying, Transfer Knowledge, Renounce Religion


You were on level 6 of the Lair of Beasts.
You worshipped Ashenzari.
Ashenzari was extremely pleased with you.
You were hungry.

You visited 5 branches of the dungeon, and saw 24 of its levels.

You collected 2104 gold pieces.
You spent 1852 gold pieces at shops.

Inventory:

Hand Weapons
 d - a +1 scimitar of flaming
 G - the cursed +8 short sword of the Forest (weapon) {vamp, Dex+2}
   (You bought it in a shop on level 10 of the Dungeon)

   It inflicts no extra harm, but heals its wielder when it wounds a living foe.
   It affects your dexterity (+2).
   It has a curse placed upon it.
 P - a +0 whip
Missiles
 g - 67 poisoned darts (quivered)
 U - 42 boomerangs
Armour
 h - a +2 leather armour of magic resistance
 k - a +1 cloak (worn)
 t - a +2 robe of the Archmagi
 E - a cursed +0 troll leather armour (worn)
Jewellery
 i - the cursed amulet of Oroimag (around neck) {Faith *Slow MP+9 Int+3 Stlth+}
   (You found it on level 10 of the Dungeon)

   [amulet of faith]

   It allows you to gain divine favour quickly.
   It affects your intelligence (+3).
   It affects your magic capacity (+9).
   It may slow you when you take damage.
   It makes you more stealthy.
   It has a curse placed upon it.
 u - an uncursed ring of flight
 x - an uncursed ring of protection from magic
 z - an uncursed ring of protection from cold
 A - an uncursed ring of wizardry
 F - a ring of stealth (right hand)
 N - an uncursed ring of fire
 V - a +2 ring of protection (left hand)
Wands
 c - a wand of flame (58)
 e - a wand of random effects (25)
 l - a wand of polymorph (6)
 p - a wand of enslavement (20)
 v - a wand of clouds (11)
 B - a wand of acid (9)
 J - a wand of paralysis (8)
 Q - a wand of disintegration (10)
Scrolls
 b - 2 scrolls of identify
 n - a scroll of fog
 s - 7 scrolls of amnesia
 w - 2 scrolls of magic mapping
 y - 7 scrolls of teleportation
 D - a scroll of blinking
 H - 2 scrolls of enchant weapon
 R - a scroll of fear
 Z - 3 scrolls of remove curse
Potions
 j - 3 potions of curing
 m - 4 potions of lignification
 o - 2 potions of ambrosia
 q - a potion of degeneration
 r - 4 potions of brilliance
 K - a potion of heal wounds
 O - 4 potions of haste
 T - 2 potions of might
 W - a potion of stabbing
 Y - 2 potions of cancellation
Books
 a - a manual of Short Blades
Comestibles
 f - 29 rations


   Skills:
 + Level 0.9 Fighting
 * Level 13.4(17.1) Short Blades
 + Level 1.8(7.1) Long Blades
 + Level 9.3 Throwing
 + Level 4.6 Armour
 + Level 10.1 Dodging
 + Level 17.3 Stealth
 + Level 12.9 Spellcasting
 - Level 2.0 Conjurations
 + Level 3.0 Necromancy
 - Level 4.1 Translocations
 + Level 3.5 Fire Magic
 + Level 5.1 Air Magic
 + Level 5.8 Poison Magic
 + Level 9.7 Evocations


You had 25 spell levels left.
You knew the following spells:

 Your Spells              Type           Power        Failure   Level  Hunger
a - Apportation           Tloc           ####..       1%          1    None
b - Blink                 Tloc           N/A          1%          2    None
c - Mephitic Cloud        Conj/Pois/Air  ####....     3%          3    None
d - Magic Dart            Conj           ###.         2%          1    None
f - Conjure Flame         Conj/Fire      ####....     6%          3    None
v - Vampiric Draining     Necr           ####......   5%          3    None

Your spell library contained the following spells:

 Spells                   Type           Power        Failure   Level  Hunger
 Animate Skeleton         Necr           N/A          1%          1    None
 Pain                     Necr           ####         1%          1    None
 Corona                   Hex            ##.....      7%          1    None
 Summon Small Mammal      Summ           ##..         7%          1    None
 Call Imp                 Summ           ##......     10%         2    None
 Slow                     Hex            ##......     10%         2    None
 Animate Dead             Necr           N/A          19%         4    None
 Agony                    Necr           ####....     45%         5    ####...


Dungeon Overview and Level Annotations

Branches:
Dungeon (14/15)            Temple (1/1) D:5            Lair (6/6) D:10
  Swamp (0/4) Lair:2       Spider (1/4) Lair:4        Slime (0/5) Lair:6
    Orc (2/2) D:12            Elf (0/3) Orc:2
 Vaults: D:13-14

Altars:
Ashenzari
Cheibriados
Dithmenos
Elyvilon
Fedhas
Gozag
Hepliaklqana
Kikubaaqudgha
Makhleb
Nemelex Xobeh
Okawaru
Qazlal
Ru
Sif Muna
Trog
Uskayaw
Vehumet
Wu Jian
Xom
Yredelemnul
Zin
The Shining One
Beogh
Jiyva

Shops:
D:5 :   D:9 !   D:10 (   Orc:1 %   Orc:2 %*%(

Annotations:
D:10 1 runed translucent door, EtherCrawl's ghost, journeyman FoBe
Lair:1 1 runed translucent door, Flugslaktarn's ghost, novice DDFi
Lair:6 1 runed translucent door


Innate Abilities, Weirdness & Mutations

You are very small and have problems with some larger weapons.
You are too small for most types of armour.
You have supernaturally acute eyesight. (SInv)
You are a herbivore.
You cover ground extremely quickly.
You need to consume almost no food.
You have a pair of small antennae on your head.
You have a beak for a mouth.
Your mind is acute. (Int +2)
Armour fits poorly on your strangely shaped body.


Message History

The dire elephant is severely wounded.
You hit the dire elephant.
You feel better.
The dire elephant is severely wounded.
The dire elephant is engulfed in blazing flames.
The dire elephant misses you.
The dire elephant completely misses you.
You hit the dire elephant.
You feel better.
The dire elephant is almost dead.
You hit the dire elephant.
The dire elephant is almost dead.
The dire elephant is engulfed in blazing flames.
The dire elephant tramples you!!
You stumble backwards!
You completely miss the dire elephant.
You peck the dire elephant, but do no damage.
The dire elephant is almost dead.
You barely miss the dire elephant.
You peck the dire elephant, but do no damage.
The dire elephant is almost dead.
The dire elephant tramples you!!
You die...

# # # ###### # #######.##.##
# ###.#.##......# #
###........@....# #
#..#.#...#Y..#..## ##
#.#.#...#§#......# #.
#..#.#...#.#.#..## ######
###...#.#.#.#..########.#.##
##
#....#.#.#.....##.P#.#..#..#
.#
#.#.#.#.#.#......P..........
.##
##.†.#.....#...P.P..........
..#
#.#.#.#.#...#..##...........


You could see a dire elephant.

Vanquished Creatures
  Rupert (Orc:2)
  2 dire elephants (Lair:6)
  5 hydras
  An anaconda (Lair:6)
  2 centaur warriors
  A two-headed ogre (D:11)
  Urug (D:13)
  6 orc high priests (Orc:2)
  A tengu warrior (D:13)
  9 orc knights
  An orc sorcerer (Orc:2)
  A wolf spider (Lair:4)
  An orb spider (Spider:1)
  3 cyclopes
  An ugly thing (D:12)
  6 elephants
  Joseph (D:8)
  3 gargoyles
  3 black mambas
  8 spiny frogs
  Maggie (Lair:2)
  An efreet (D:13)
  A rime drake (Lair:6)
  A tengu conjurer (D:13)
  9 komodo dragons
  7 trolls
  2 polar bears
  A queen bee (D:14)
  Grinder (D:6)
  7 slime creatures
  6 meliai
  2 jumping spiders (Lair:4)
  Prince Ribbit (D:7)
  17 blink frogs
  6 dream sheep
  11 hippogriffs
  A spriggan (Lair:2)
  Sigmund (D:4)
  3 hogs (D:13)
  3 redbacks (Lair:4)
  3 basilisks
  A human (D:13)
  66 yaks
  A wyvern (Lair:6)
  4 wargs
  An acid dragon (D:14)
  A soldier ant (D:13)
  13 water moccasins
  7 porcupines
  37 orc warriors
  An ice beast (D:14)
  4 black bears
  5 phantoms
  2 sky beasts
  3 wolves (Lair:2)
  11 ogres
  6 centaurs
  4 big kobolds
  15 crocodiles
  16 bullfrogs
  A wyvern zombie (D:9)
  6 scorpions
  30 killer bees
  2 howler monkeys
  4 wights (D:10)
  4 electric eels
  A vampire bat (D:8)
  A centaur zombie (D:11)
  6 crimson imps
  A quasit (D:10)
  5 jellies
  4 hounds
  35 orc priests
  19 orc wizards
  2 bullfrog skeletons
  Jessica (D:7)
  3 centaur skeletons
  Natasha (D:3)
  14 worker ants
  5 hell rats (Lair:5)
  A killer bee zombie (D:8)
  A hound zombie (D:7)
  2 hound skeletons
  A worker ant zombie (D:7)
  11 adders
  4 gnolls (D:2)
  A howler monkey skeleton (D:6)
  A shadow imp (D:13)
  An adder zombie (D:8)
  A worm (D:5)
  2 dart slugs (D:2)
  4 leopard geckos
  103 orcs
  3 bats
  4 bat skeletons (D:8)
  A bat zombie (D:8)
  6 giant cockroaches
  5 goblins
  6 hobgoblins
  2 jackals
  21 kobolds
  3 quokkas
  2 ball pythons
  4 frilled lizards (D:3)
  A giant cockroach zombie (D:6)
  A quokka skeleton (D:7)
  A quokka zombie (D:9)
  6 rats
  A fungus (Lair:3)
  2 plants
687 creatures vanquished.

Vanquished Creatures (collateral kills)
  A porcupine (D:10)
  A killer bee (D:14)
  A bullfrog zombie (D:10)
  An orc (D:4)
4 creatures vanquished.

Vanquished Creatures (others)
  A jumping spider (Spider:1)
  A killer bee (D:13)
  10 fungi
  12 plants
24 creatures vanquished.

Grand Total: 715 creatures vanquished

Notes
Turn   | Place    | Note
-------+----------+-------------------------------------------
     0 | D:1      | Esekla the Spriggan Artificer began the quest for the Orb.
     0 | D:1      | Reached XP level 1. HP: 9/9 MP: 4/4
   756 | D:1      | Reached skill level 2 in Stealth
   756 | D:1      | Reached XP level 2. HP: 14/14 MP: 6/6
   884 | D:2      | Found a shattered altar of Ashenzari.
  1060 | D:3      | Reached skill level 1 in Throwing
  1060 | D:3      | Reached skill level 3 in Stealth
  1060 | D:3      | Reached XP level 3. HP: 16/17 MP: 7/7
  1185 | D:3      | Found a sacrificial altar of Ru.
  1353 | D:3      | Noticed Natasha
  1453 | D:3      | Killed Natasha
  1453 | D:3      | Reached XP level 4. HP: 21/21 MP: 8/8
  1810 | D:3      | Reached skill level 4 in Stealth
  1810 | D:3      | Reached XP level 5. HP: 22/25 MP: 9/9
  2086 | D:3      | Gained mutation: You have a beak for a mouth. [potion of
                  | mutation]
  2086 | D:3      | Gained mutation: Armour fits poorly on your strangely
                  | shaped body. [potion of mutation]
  2086 | D:3      | Gained mutation: Your mind is acute. (Int +2) [potion of
                  | mutation]
  2086 | D:3      | Gained mutation: You have a pair of small antennae on your
                  | head. [potion of mutation]
  2959 | D:2      | Found a hazy altar of Hepliaklqana.
  3015 | D:4      | Noticed a phantom
  3275 | D:4      | Noticed Sigmund
  3336 | D:4      | Reached skill level 5 in Dodging
  3336 | D:4      | Reached skill level 5 in Stealth
  3336 | D:4      | HP: 1/25 [shot self (24)]
  3705 | D:4      | Reached XP level 6. HP: 29/29 MP: 10/10
  3748 | D:4      | Killed Sigmund
  3748 | D:4      | Reached skill level 6 in Stealth
  4027 | D:4      | Found a stormy altar of Qazlal.
  4556 | D:5      | Entered Level 5 of the Dungeon
  4570 | D:5      | Reached XP level 7. HP: 17/32 MP: 11/11
  4938 | D:6      | Noticed Grinder
  5051 | D:5      | Reached skill level 7 in Stealth
  5074 | D:5      | Found a staircase to the Ecumenical Temple.
  5129 | Temple   | Entered the Ecumenical Temple
  5442 | D:5      | Found Maagamog's Book Shop.
  5450 | D:5      | Bought a book of Minor Magic for 220 gold pieces
  5452 | D:5      | Learned a level 1 spell: Magic Dart
  5455 | D:5      | Learned a level 2 spell: Blink
  5459 | D:5      | Learned a level 3 spell: Mephitic Cloud
  5959 | D:5      | Reached skill level 1 in Translocations
  5993 | D:5      | Found a snail-covered altar of Cheibriados.
  7039 | D:6      | Reached skill level 5 in Short Blades
  7039 | D:6      | Reached skill level 1 in Spellcasting
  7039 | D:6      | Reached XP level 8. HP: 29/37 MP: 12/12
  7137 | D:6      | Reached skill level 1 in Air Magic
  7137 | D:6      | Reached skill level 1 in Poison Magic
  7278 | D:7      | Reached skill level 8 in Stealth
  7280 | D:7      | Found an ornate altar of the Wu Jian Council.
  7280 | D:7      | Found a white marble altar of Elyvilon.
  7305 | D:7      | Got an ancient robe
  7341 | D:7      | Identified the cursed +0 robe "Iphakyts" {*Drain +Inv rF+}
                  | (You found it on level 7 of the Dungeon)
  7501 | D:7      | Found a hide-covered altar of Uskayaw.
  7571 | D:7      | Learned a level 3 spell: Conjure Flame
  8166 | D:8      | Noticed Joseph
  8182 | D:8      | Noticed Prince Ribbit
  8496 | D:7      | Reached skill level 1 in Conjurations
  8725 | D:5      | Bought a book of Cantrips for 220 gold pieces
  8727 | D:5      | Learned a level 1 spell: Apportation
  8927 | D:7      | Noticed Jessica
  8937 | D:7      | Killed Jessica
  8965 | D:7      | Found a shimmering blue altar of Sif Muna.
  9263 | D:8      | Reached XP level 9. HP: 38/40 MP: 12/16
  9320 | D:8      | Reached skill level 9 in Stealth
  9453 | D:8      | Learned a level 3 spell: Vampiric Draining
  9581 | D:7      | Killed Prince Ribbit
 10165 | D:8      | Found an ancient bone altar of Kikubaaqudgha.
 10344 | D:8      | Killed Joseph
 10344 | D:8      | Reached skill level 1 in Long Blades
 10344 | D:8      | Reached skill level 5 in Throwing
 10344 | D:8      | Reached skill level 1 in Necromancy
 10344 | D:8      | Reached skill level 1 in Fire Magic
 11309 | D:9      | Found Veaty's Distillery.
 11331 | D:9      | Bought a potion of degeneration for 14 gold pieces
 11448 | D:9      | Found a burning altar of Makhleb.
 11448 | D:9      | Noticed a green death
 11451 | D:9      | Noticed a smoke demon
 11701 | D:9      | Found a radiant altar of Vehumet.
 11722 | D:9      | Reached skill level 5 in Evocations
 12065 | D:10     | Entered Level 10 of the Dungeon
 12065 | D:10     | Found Viruz's Antique Weapon Shop.
 12108 | D:10     | Reached skill level 5 in Spellcasting
 12249 | D:10     | Noticed a gargoyle
 12288 | D:10     | Reached XP level 10. HP: 20/44 MP: 11/18
 12306 | D:10     | Got a clouded graven amulet
 12574 | D:9      | Identified the amulet of Oroimag {Faith *Slow MP+9 Int+3
                  | Stlth+} (You found it on level 10 of the Dungeon)
 12772 | D:2      | Became a worshipper of Ashenzari the Shackled
 12807 | D:1      | Identified the +8 chain mail of the Invisible Hand {rElec
                  | Str+7 Int+3 Stlth-} (You found it on level 5 of the
                  | Dungeon)
 12896 | D:5      | Identified the +8 chain mail of the Invisible Hand {rElec
                  | Str+7 Int+3 Stlth-} (You found it on level 5 of the
                  | Dungeon)
 12995 | D:6      | Killed Grinder
 13090 | D:10     | Found a runed translucent door.
 13090 | D:10     | Noticed EtherCrawl's ghost (journeyman FoBe)
 13145 | D:10     | Found a staircase to the Lair.
 13255 | Lair:1   | Entered Level 1 of the Lair of Beasts
 13290 | Lair:1   | Noticed a spiny frog
 13802 | D:11     | Noticed a two-headed ogre
 14027 | D:11     | Noticed a gargoyle
 14250 | D:11     | Reached skill level 10 in Stealth
 14352 | D:11     | Noticed a cyclops
 14359 | D:11     | Killed a cyclops
 14535 | D:10     | Found a snail-covered altar of Cheibriados.
 15008 | D:10     | Bought a polished short sword for 184 gold pieces
 15015 | D:10     | Identified the +8 short sword of the Forest {vamp, Dex+2}
                  | (You bought it in a shop on level 10 of the Dungeon)
 15255 | D:9      | Identified the +5 flail of Vanity {speed, *Slow MR+ Str+3}
                  | (You found it on level 10 of the Dungeon)
 15536 | Lair:1   | Killed a spiny frog
 15611 | Lair:1   | Reached XP level 11. HP: 46/48 MP: 23/23
 16096 | Lair:1   | Noticed Flugslaktarn's ghost (novice DDFi)
 16097 | Lair:1   | Reached * piety under Ashenzari
 16098 | Lair:1   | Found a runed translucent door.
 16243 | Lair:1   | Noticed a six-headed hydra
 16257 | Lair:1   | Killed a six-headed hydra
 16721 | Lair:2   | Found a staircase to the Swamp.
 16859 | Lair:2   | Reached skill level 11 in Stealth
 17230 | Lair:2   | Reached skill level 12 in Stealth
 17443 | Lair:2   | Noticed Maggie
 17471 | Lair:2   | Killed Maggie
 17580 | Lair:3   | Noticed an eight-headed hydra
 18167 | Lair:3   | Reached XP level 12. HP: 52/52 MP: 26/26
 18431 | Lair:4   | Found a hole to the Spider Nest.
 18463 | Lair:4   | Reached skill level 13 in Stealth
 18572 | Lair:4   | Reached ** piety under Ashenzari
 19246 | Lair:4   | Noticed an eight-headed hydra
 19291 | Lair:4   | Killed an eight-headed hydra
 19892 | Lair:3   | Reached skill level 10 in Spellcasting
 20128 | Lair:4   | Killed an eight-headed hydra
 20128 | Lair:4   | Reached skill level 1 in Armour
 20270 | Spider:1 | Entered Level 1 of the Spider Nest
 20471 | D:11     | Killed a two-headed ogre
 20994 | D:12     | Reached skill level 14 in Stealth
 21019 | D:12     | Found a staircase to the Orcish Mines.
 21341 | D:12     | Reached *** piety under Ashenzari
 21513 | D:12     | Found a roughly hewn altar of Beogh.
 21712 | D:12     | Found a roughly hewn altar of Beogh.
 21778 | Orc:1    | Entered Level 1 of the Orcish Mines
 21860 | Orc:1    | Reached XP level 13. HP: 56/56 MP: 29/29
 21878 | Orc:1    | Found Hyegro's Food Emporium.
 22092 | Orc:2    | Entered Level 2 of the Orcish Mines
 22547 | Orc:1    | Reached skill level 5 in Poison Magic
 22823 | Orc:2    | Found a staircase to the Elven Halls.
 22855 | Orc:2    | Reached skill level 10 in Short Blades
 23835 | D:5      | Bought a manual of Short Blades for 1214 gold pieces
 24494 | D:13     | Reached **** piety under Ashenzari
 24516 | D:13     | Noticed Urug
 24535 | D:13     | Killed Urug
 24558 | D:13     | Reached skill level 15 in Stealth
 26225 | Orc:2    | Noticed Rupert
 26236 | Orc:2    | Killed Rupert
 26303 | Orc:2    | Reached XP level 14. HP: 41/60 MP: 26/31
 26552 | Orc:2    | Reached skill level 16 in Stealth
 26557 | Orc:2    | Reached skill level 5 in Air Magic
 26616 | Orc:2    | Found Daveuz's General Store.
 26616 | Orc:2    | Found Araleup's Food Boutique.
 26617 | Orc:2    | Found Joiddeph's Antique Weapon Boutique.
 26617 | Orc:2    | Found Syokhly's Food Shop.
 28579 | Lair:6   | Entered Level 6 of the Lair of Beasts
 29241 | Lair:6   | Reached skill level 17 in Stealth
 29353 | Lair:6   | Reached ***** piety under Ashenzari
 29700 | Lair:6   | Reached skill level 10 in Dodging
 29961 | Lair:6   | Found a runed translucent door.
 29961 | Lair:6   | Found a viscous altar of Jiyva.
 29961 | Lair:6   | Found a staircase to the Slime Pits.
 29961 | Lair:6   | Noticed an azure jelly
 29961 | Lair:6   | Noticed an azure jelly
 29961 | Lair:6   | Noticed an azure jelly
 30587 | Lair:6   | Slain by a dire elephant

Levels and vault maps discovered:
D:1:      wander_arrival_peaceful_grave, layout_basic, minmay_misc_feat_square
D:2:      layout_basic, ashenzari_altar_1, lemuel_coloured_pillars_altar,
          serial_glass, glass_columns_a, glass_columns_a
D:3:      layout_loops_corners, marbit_many_paths, uniq_natasha
D:4:      layout_basic, lemuel_round_altar, first_ration, grunt_ministairs_6,
          uniq_sigmund
D:5:      wander_river, layout_rooms, slow_altar_2,
          minmay_temple_entry_stoned_glass, serial_shops, shop
D:6:      layout_basic, uniq_grinder
D:7:      layout_basic, nicolae_overflow_crystal_walls, tgw_sif,
          grunt_temple_overflow_open
D:8:      layout_loops_ring, kennysheep_vampire_church, uniq_prince_ribbit1,
          uniq_joseph
D:9:      layout_rooms, vehumet_altar_wand_db, makhleb_altar_promises_db,
          serial_shops, shop
D:10:     layout_roguey, grunt_lair_entry_orc_guard_hut,
          hellmonk_ghost_happy_afterlife, serial_shops, nicolae_shop_trees,
          cheibriados_altar_1
D:11:     layout_grid_maze, serial_rivers, chequers_serial_rivers_room_b,
          chequers_serial_rivers_micro_b, chequers_serial_rivers_micro_c,
          chequers_serial_rivers_micro_a, chequers_serial_rivers_micro_c,
          chequers_serial_rivers_micro_b
D:12:     layout_basic, minmay_orc_entry_temple_small, special_room
          [special_room_orc]
D:13:     layout_irregular_city, grunt_livestock, uniq_urug
D:14:     layout_basic, grunt_vaults_entry_fortified, special_room
          [special_room_bee], hex_tiny, minivault_26
Temple:   eino_wide_crystal_templ
Lair:1:   layout_cave_pods, hellmonk_ghost_happy_afterlife, st_stairs_10,
          infiniplex_staircase_pool, lemuel_fruit_fields
Lair:2:   statuecave_lemuel, layout_loops_ring, swamp_mist,
          grunt_forest_stairs_clearing, lemuel_fruit_tree, grunt_megastairs_4,
          uniq_maggie
Lair:3:   layout_hall_layers, serial_bayou_lake_a
Lair:4:   layout_regular_city, spider_nest_entry_a, serial_bayou_shore_a
Lair:5:   layout_cave_pods, st_stairs_3
Lair:6:   due_jungle_book, layout_small_grid, slime_altar_2, minivault_23
Spider:1: layout_spider_delve, uniq_kirke, uniq_aizul, uniq_agnes, uniq_roxanne
Orc:1:    layout_caves, serial_shops, nicolae_shop_statue_plus
Orc:2:    st_orc_pillars, layout_caves, uniq_rupert

Skill      XL: |  1  2  3  4  5  6  7  8  9 10 11 12 13 14 |
---------------+-------------------------------------------+-----
Stealth        | 2 3 4 5 6 7 8 9 10 12 14 15 17 | 17.3
Short Blades   | 2 3 4 5 8 9 12 13 | 13.4
Throwing       | 1 2 3 4 5 6 7 8 9 |  9.3
Dodging        | 4 5 6 7 8 9 10 | 10.1
Translocations | 1 3 4 |  4.1
Spellcasting   | 1 4 5 7 9 11 12 | 12.9
Air Magic      | 2 3 4 5 |  5.1
Poison Magic   | 2 4 5 |  5.8
Conjurations   | 1 2 |  2.0
Long Blades    | 1 |  1.8
Necromancy     | 2 3 |  3.0
Fire Magic     | 1 2 3 |  3.5
Evocations     | 5 6 8 9 |  9.7
Armour         | 2 4 |  4.6
Fighting       | |  0.9

Action                   |  1- 3 |  4- 6 |  7- 9 | 10-12 | 13-15 || total
-------------------------+-------+-------+-------+-------+-------++-------
Melee: Short sword       |    34 |   130 |       |   436 |  1120 ||  1720
       Peck              |       |    18 |    51 |    92 |   212 ||   373
       Dagger            |       |    63 |   342 |    70 |       ||   475
       Falchion          |       |       |    30 |    28 |       ||    58
       Spear             |       |       |    36 |       |       ||    36
Throw: Dart              |    29 |    30 |   133 |   166 |   246 ||   604
 Cast: Magic Dart        |       |       |    94 |   154 |   105 ||   353
       Blink             |       |       |     7 |    11 |    16 ||    34
       Mephitic Cloud    |       |       |    19 |    42 |    94 ||   155
       Conjure Flame     |       |       |    15 |    40 |    33 ||    88
       Vampiric Draining |       |       |     4 |     1 |       ||     5
       Apportation       |       |       |     2 |    15 |     3 ||    20
Invok: Curse Item        |       |       |       |     3 |       ||     3
 Abil: Evoke Invisibilit |       |       |       |     7 |       ||     7
       Stop Flying       |       |       |       |     1 |       ||     1
       Evoke Flight      |       |       |       |     1 |       ||     1
Evoke: Wand              |       |     7 |       |     9 |     8 ||    24
  Use: Scroll            |     6 |     4 |     8 |     8 |     2 ||    28
       Potion            |       |     1 |     6 |     2 |     5 ||    14
 Stab: Sleeping          |     4 |    13 |    26 |    52 |    15 ||   110
       Distracted        |     1 |     1 |     3 |     3 |     6 ||    14
       Confused          |       |       |     9 |    32 |    94 ||   135
       Invisible         |       |       |       |    14 |       ||    14
  Eat: Ration            |       |       |     7 |     7 |     4 ||    18
Armor: Robe              |     1 |    10 |     9 |    13 |       ||    33
       Skin              |       |       |    35 |     9 |       ||    44
       Troll leather arm |       |       |       |     9 |    66 ||    75
Dodge: Dodged            |    26 |   155 |   191 |   247 |   721 ||  1340
       Rpst.: Falchion   |       |       |     9 |     5 |       ||    14

Table legend:
 A = Non-vault XP
 B = Vault XP
 C = Vault XP percentage of total XP
 D = Non-vault monster count
 E = Vault monster count
 F = Vault count percentage of total count
                 A         B        C        D         E       F
            +---------+---------+-------+---------+---------+-------
      Total |   71581 |   26700 |  27.2 |     525 |     164 |  23.8
            +---------+---------+-------+---------+---------+-------
        D:1 |      12 |       0 |   0.0 |       6 |       0 |   0.0
        D:2 |     110 |       0 |   0.0 |      19 |       0 |   0.0
        D:3 |     166 |      37 |  18.2 |      25 |       2 |   7.4
        D:4 |     213 |     223 |  51.1 |      12 |       1 |   7.7
        D:5 |     532 |       5 |   0.9 |      20 |       1 |   4.8
        D:6 |     461 |     300 |  39.4 |      14 |       1 |   6.7
        D:7 |     952 |     323 |  25.3 |      23 |       2 |   8.0
        D:8 |     584 |     494 |  45.8 |      16 |       7 |  30.4
        D:9 |     803 |       1 |   0.1 |      23 |       1 |   4.2
       D:10 |    2022 |     441 |  17.9 |      21 |       4 |  16.0
       D:11 |    4704 |       0 |   0.0 |      27 |       0 |   0.0
       D:12 |    4375 |    1107 |  20.2 |      35 |      31 |  47.0
       D:13 |    7245 |    1736 |  19.3 |      41 |       6 |  12.8
       D:14 |    1762 |    2303 |  56.7 |      12 |      24 |  66.7
     Lair:1 |    6702 |     243 |   3.5 |      27 |       1 |   3.6
     Lair:2 |    2766 |    2302 |  45.4 |      14 |      13 |  48.1
     Lair:3 |    3039 |       0 |   0.0 |      18 |       0 |   0.0
     Lair:4 |    7155 |     940 |  11.6 |      28 |       4 |  12.5
     Lair:5 |    4709 |    1179 |  20.0 |      21 |       2 |   8.7
     Lair:6 |   16081 |     949 |   5.6 |      55 |       1 |   1.8
   Spider:1 |     535 |       0 |   0.0 |       1 |       0 |   0.0
      Orc:1 |    3993 |       0 |   0.0 |      38 |       0 |   0.0
      Orc:2 |    2660 |   14117 |  84.1 |      29 |      63 |  68.5
            +---------+---------+-------+---------+---------+-------
